 Dungeon Crawl Stone Soup version 0.23-a0-550-g7de1f8e (webtiles) character file.

357 Lavandula the Ducker (level 6, 0/42 HPs)
             Began as a Halfling Enchanter on Dec 9, 2018.
             Slain by a sky beast (6 damage)
             ... on level 6 of the Dungeon.
             The game lasted 00:09:10 (2182 turns).

Lavandula the Ducker (Halfling Enchanter)           Turns: 2182, Time: 00:09:10

Health: 0/42       AC:  2    Str:  9    XL:     6   Next: 96%
Magic:  7/8        EV: 17    Int: 15    God:
Gold:   186        SH:  0    Dex: 15    Spells: 0/8 levels left

rFire    . . .     SeeInvis .   e - +2 whip (venom)
rCold    . . .     Gourm    .   (shield restricted)
rNeg     . . .     Faith    .   b - +0 robe
rPois    .         Spirit   .   (no helmet)
rElec    .         Reflect  .   (no cloak)
rCorr    .         Harm     .   (no gloves)
MR       .....                  (no boots)
Stlth    ++........             (no amulet)
HPRegen  0.14/turn              (no ring)
MPRegen  0.11/turn              (no ring)

@: very slightly contaminated
A: small, mutation resistance 1
a: no special abilities


You were on level 6 of the Dungeon.
You were not hungry.

You visited 1 branch of the dungeon, and saw 6 of its levels.

You collected 186 gold pieces.

Inventory:

Hand Weapons
 a - a +1 dagger
 e - a +2 whip of venom (weapon)
 k - a +0 hunting sling
Missiles
 l - 6 tomahawks (quivered)
Armour
 b - a +0 robe (worn)
 f - a +2 hat
Scrolls
 c - 3 scrolls of identify {unknown}
 g - a scroll of blinking {unknown}
 i - 4 scrolls of teleportation {unknown}
 o - 3 scrolls of remove curse {unknown}
 r - a scroll of magic mapping {unknown}
 s - a scroll of enchant weapon {unknown}
 t - a scroll of immolation {unknown}
Potions
 h - a potion of brilliance {unknown}
 j - 4 potions of curing {unknown}
 m - a potion of mutation {unknown}
 n - 4 potions of heal wounds {unknown}
 p - a potion of agility {unknown}
 q - a potion of lignification {unknown}
Comestibles
 d - 7 rations


   Skills:
 - Level 3.0 Fighting
 - Level 2.8 Short Blades
 - Level 0.3 Maces & Flails
 - Level 4.3 Dodging
 - Level 3.2 Stealth
 - Level 1.5 Spellcasting
 - Level 2.4 Hexes
 + Level 2.6 Summonings


You couldn't memorise any spells.
You knew the following spells:

 Your Spells              Type           Power        Failure   Level  Hunger
a - Corona                Hex            #......      9%          1    ##.....
b - Ensorcelled Hibernat  Hex/Ice        #.....       22%         2    ###....
c - Call Imp              Summ           #.......     12%         2    ###....
d - Dazzling Spray        Conj/Hex       #.....       38%         3    ####...

Your spell library contained the following spells:

 Spells                   Type           Power        Failure   Level  Hunger
 Slow                     Hex            #.......     13%         2    ###....
 Magic Dart               Conj           #...         24%         1    ##.....
 Confuse                  Hex            #.......     26%         3    ####...
 Tukima's Dance           Hex            #.......     26%         3    ####...
 Blink                    Tloc           N/A          34%         2    ###....
 Conjure Flame            Conj/Fire      #.......     56%         3    ####...
 Mephitic Cloud           Conj/Pois/Air  #.......     56%         3    ####...


Dungeon Overview and Level Annotations

Branches:
Dungeon (6/15)
 Temple: D:4-7

Altars:


Innate Abilities, Weirdness & Mutations

You are small and have problems with some larger weapons.
You are somewhat resistant to further mutation.


Message History

You are very lightly contaminated with residual magic.
Nothing appears to happen.
The sky beast flickers out of sight!
Deactivating autopickup; reactivate with Ctrl-A.
A sky beast appears from thin air!
Reactivating autopickup.
You barely miss the sky beast.
The sky beast is heavily wounded.
The sky beast misses you.
The sky beast flickers out of sight!
Deactivating autopickup; reactivate with Ctrl-A.
Something hits you. Something shocks you.
* * * LOW HITPOINT WARNING * * *
A sky beast appears from thin air!
Reactivating autopickup.
You hit the sky beast.
The sky beast is poisoned.
The sky beast is heavily wounded.
The sky beast hits you.
* * * LOW HITPOINT WARNING * * *
The sky beast shocks you.
You die...

#.....###########
#.##########...###
#.# ##...###...###
#.###....###...###
#.##..#..##.....##
#.#..##≈≈#...#...#
#.#..###....###...
#.#§.###....###...
#@#..####...###(..
#.Y..#############
#...## #..## ####


You could see a sky beast.

Vanquished Creatures
  A bullfrog (D:6)
  A scorpion (D:4)
  A crimson imp (D:4)
  A bullfrog skeleton (D:4)
  2 hounds (D:4)
  A hound skeleton (D:5)
  4 adders
  An ooze (D:4)
  An adder skeleton (D:4)
  A worm (D:3)
  3 leopard geckos
  13 bats
  3 giant cockroaches
  3 goblins
  4 hobgoblins
  9 jackals
  4 kobolds (D:1)
  A ball python (D:4)
  5 frilled lizards
  2 quokka skeletons (D:4)
  5 rats
66 creatures vanquished.

Notes
Turn   | Place    | Note
-------+----------+-------------------------------------------
     0 | D:1      | Lavandula the Halfling Enchanter began the quest for the
                  | Orb.
     0 | D:1      | Reached XP level 1. HP: 11/11 MP: 3/3
   322 | D:1      | Reached XP level 2. HP: 11/17 MP: 4/4
   781 | D:1      | Reached XP level 3. HP: 22/22 MP: 5/5
   786 | D:1      | Reached skill level 1 in Fighting
   958 | D:3      | Learned a level 2 spell: Ensorcelled Hibernation
  1072 | D:3      | Reached XP level 4. HP: 29/29 MP: 6/6
  1118 | D:4      | Reached skill level 3 in Dodging
  1238 | D:4      | Reached skill level 4 in Dodging
  1238 | D:4      | Reached XP level 5. HP: 19/34 MP: 7/7
  1754 | D:5      | Entered Level 5 of the Dungeon
  1778 | D:4      | Reached XP level 6. HP: 34/42 MP: 8/8
  1782 | D:4      | Learned a level 2 spell: Call Imp
  1828 | D:4      | Reached skill level 1 in Summonings
  2024 | D:6      | Learned a level 3 spell: Dazzling Spray
  2132 | D:6      | Noticed a sky beast
  2182 | D:6      | Slain by a sky beast

Vault maps used:
D:1:      dpeg_arrival_orchard, glass_columns_a
D:2:      chequers_ecumenical_altar_lobes, minmay_misc_feat_x, uniq_jessica,
          uniq_robin
D:4:      roderic_batcave, grunt_ministairs_13, chequers_jeans
D:5:      marbit_many_paths, minmay_temple_entry_proselytizer, first_ration
D:6:      cheibrodos_two_vegetables, grunt_temple_overflow_cloverleaf,
          hangedman_glass_teeth, grunt_ministairs_14,
          chequers_serial_rivers_micro_e

Skill      XL: |  1  2  3  4  5  6 |
---------------+-------------------+-----
Short Blades   | 2 |  2.8
Fighting       | 2 3 |  3.0
Dodging        | 4 |  4.3
Summonings     | 2 |  2.6
Maces & Flails | |  0.3
Stealth        | |  3.2
Spellcasting   | |  1.5
Hexes          | |  2.4

Action                   |  1- 3 |  4- 6 || total
-------------------------+-------+-------++-------
Melee: Dagger            |    24 |       ||    24
       Whip              |    54 |   136 ||   190
 Cast: Corona            |     4 |     2 ||     6
       Ensorcelled Hiber |     1 |     3 ||     4
 Stab: Sleeping          |     7 |     5 ||    12
  Eat: Chunk             |       |     5 ||     5
Armor: Robe              |    14 |    34 ||    48
Dodge: Dodged            |    56 |   186 ||   242

Table legend:
 A = Non-vault XP
 B = Vault XP
 C = Vault XP percentage of total XP
 D = Non-vault monster count
 E = Vault monster count
 F = Vault count percentage of total count
                 A         B        C        D         E       F
            +---------+---------+-------+---------+---------+-------
      Total |     485 |      25 |   4.9 |      56 |      10 |  15.2
            +---------+---------+-------+---------+---------+-------
        D:1 |      43 |       0 |   0.0 |      25 |       0 |   0.0
        D:3 |      29 |       0 |   0.0 |       9 |       0 |   0.0
        D:4 |     291 |      25 |   7.9 |      18 |      10 |  35.7
        D:5 |      19 |       0 |   0.0 |       2 |       0 |   0.0
        D:6 |     103 |       0 |   0.0 |       2 |       0 |   0.0
            +---------+---------+-------+---------+---------+-------
